 Dungeon Crawl Stone Soup version 0.17-a0-1133-gfb1399f (webtiles) character file.

1187 InterDimensionalOwl the Chopper (level 8, 0/52 HPs)
             Began as a Human Fighter on May 25, 2015.
             Was an Initiate of the Shining One.
             Slain by a centaur
             ... wielding a +0 hand axe
              (5 damage)
             ... on level 5 of the Dungeon.
             The game lasted 00:26:00 (4904 turns).

InterDimensionalOwl the Chopper (Human Fighter)     Turns: 4904, Time: 00:26:01

Health: 0/52       AC:  7    Str: 18    XL:     8   Next: 70%
Magic:  8/8        EV:  9    Int:  8    God:    the Shining One [......]
Gold:   328        SH:  6    Dex: 14    Spells: 0 memorised, 7 levels left

rFire  . . .     SeeInvis +     a - +1 war axe
rCold  + . .     Clarity  .     D - +0 scale mail {rC+}
rNeg   + . .     SustAt   .     p - +0 buckler
rPois  .         Gourm    .     (helmet restricted)
rElec  .         Spirit   .     (no cloak)
rCorr  .         Warding  .     i - +0 pair of gloves
rMut   .         Stasis   .     (no boots)
MR     .....                    (no amulet)
Stlth  ..........               o - ring of see invisible
                                l - ring of positive energy

@: flying, very slightly contaminated, hasted, very quick, not resistant to
hostile enchantments, extremely unstealthy
A: horns 1, frail 1, wild magic 1
a: Renounce Religion


You were on level 5 of the Dungeon.
You worshipped the Shining One.
The Shining One was noncommittal.
You were not hungry.

You visited 2 branches of the dungeon, and saw 6 of its levels.
You also visited: Sewer.

You collected 328 gold pieces.

Inventory:

Hand weapons
 a - a +1 war axe (weapon)
Missiles
 f - 79 stones
 h - 18 poisoned needles
 x - 13 tomahawks (quivered)
Armour
 c - a +0 shield
 i - a +0 pair of gloves (worn)
 p - a +0 buckler (worn)
 t - a +2 helmet
 D - a +0 scale mail of cold resistance (worn)
Jewellery
 l - a ring of positive energy (left hand)
 o - a ring of see invisible (right hand)
 w - a +3 ring of protection {unknown}
Magical devices
 b - a wand of magic darts (30)
 y - a wand of frost (16)
Scrolls
 k - a scroll of fog
 r - a scroll of remove curse
 u - a scroll of blinking
 A - 2 scrolls of identify
 B - 3 scrolls of amnesia {unknown}
Potions
 n - 2 potions of brilliance
 q - a potion of resistance
Comestibles
 d - a chunk of flesh
 e - 2 bread rations
 g - a beef jerky
 j - 3 meat rations


   Skills:
 - Level 3.0 Fighting
 + Level 7.8 Axes
 - Level 3.0 Armour
 + Level 7.0 Shields


You had 7 spell levels left.
You didn't know any spells.

Dungeon Overview and Level Annotations

Branches:
Dungeon (5/15)             Temple (1/1) D:4

Altars:
Ashenzari
Elyvilon
Gozag
Kikubaaqudgha
Makhleb
Qazlal
Ru
Sif Muna
Trog
Zin
The Shining One


Innate Abilities, Weirdness & Mutations

You have a pair of small horns on your head.
You are frail (-10% HP).
Your spells are a little harder to cast, but a little more powerful.


Message History

Drink which item? (? for menu, Esc to quit)
It was a potion of haste.
You feel yourself speed up.
You are very lightly contaminated with residual magic.
Drink which item? (? for menu, Esc to quit)
Okay, then.
You see here 3 inedible chunks of flesh.
A centaur comes into view. It is wielding a hand axe.
The centaur unwields an uncursed hand axe.
The centaur wields a shortbow.
The centaur shoots an arrow.
The arrow hits you!
* * * LOW HITPOINT WARNING * * *
You see here an arrow.
You hit the centaur but do no damage.
You headbutt the centaur, but do no damage.
The centaur unwields an uncursed shortbow.
The centaur wields an uncursed hand axe.
The centaur hits you but does no damage.
You slash the centaur!
The centaur is moderately wounded.
The centaur hits you with an uncursed hand axe.
You die...

...### .....
#######...##. #
###............
...#.##.%..).....<....
#......#..)..........
#.#.##(#####(#...#..
#.#.##.# #.#......
#.....@# #.#...#.#
#.#.##c# #.#...#.# #
#.# #.#...#.#### ..#
#..........# ###
####.##.###.
#########....# #.
#..........#.###(
#.###.#.........#
#.###.#..#.###.##


You could see a centaur.

Vanquished Creatures
  Sigmund (D:5)
  Edmund (D:5)
  An eye of draining (D:3)
  A centaur (D:5)
  2 giant frogs (Sewer)
  2 scorpions (D:4)
  A hound (D:4)
  2 orc priests
  2 orc wizards
  A giant frog skeleton (D:4)
  3 worker ants
  Robin (D:3)
  10 adders
  4 gnolls (D:4)
  An ooze (D:1)
  3 worms
  5 giant geckos
  12 orcs
  10 bats
  9 giant cockroaches
  19 goblins
  14 hobgoblins
  7 jackals
  A quokka (D:3)
  6 ball pythons
  8 giant newts
  12 kobolds
  A quokka skeleton (D:4)
  6 rats
146 creatures vanquished.

Notes
Turn   | Place    | Note
--------------------------------------------------------------
     0 | D:1      | InterDimensionalOwl the Human Fighter began the quest for the Orb.
     0 | D:1      | Reached XP level 1. HP: 18/18 MP: 1/1
   139 | D:1      | Reached XP level 2. HP: 17/24 MP: 2/2
   908 | D:1      | Reached XP level 3. HP: 27/29 MP: 3/3
  1182 | D:2      | Reached skill level 4 in Axes
  1182 | D:2      | Reached XP level 4. HP: 30/35 MP: 4/4
  2018 | D:3      | Reached XP level 5. HP: 36/41 MP: 5/5
  2078 | D:3      | Found a glowing drain.
  2198 | Sewer    | Entered a sewer
  2717 | Sewer    | Reached skill level 5 in Axes
  2717 | Sewer    | Reached XP level 6. HP: 25/47 MP: 6/6
  3195 | D:3      | Noticed Robin
  3212 | D:3      | Killed Robin
  3355 | D:3      | Reached XP level 7. HP: 19/52 MP: 7/7
  3474 | D:3      | Found a bloodstained altar of Trog.
  3474 | D:3      | Noticed an eye of draining
  3491 | D:3      | Killed an eye of draining
  3491 | D:3      | Reached skill level 6 in Axes
  3491 | D:3      | Reached skill level 5 in Shields
  3774 | D:4      | Found a staircase to the Ecumenical Temple.
  3852 | Temple   | Entered the Ecumenical Temple
  4074 | D:4      | Found a glowing golden altar of the Shining One.
  4078 | D:4      | Became a worshipper of the Shining One
  4108 | D:4      | Reached XP level 8. HP: 45/58 MP: 8/8
  4197 | D:4      | Found a deep blue altar of Sif Muna.
  4551 | D:5      | Entered Level 5 of the Dungeon
  4584 | D:5      | Reached skill level 7 in Axes
  4690 | D:5      | Noticed Sigmund
  4701 | D:5      | Killed Sigmund
  4854 | D:5      | Noticed Edmund
  4867 | D:5      | Gained mutation: You have a pair of small horns on your head. [potion of mutation]
  4867 | D:5      | Gained mutation: Your spells are a little harder to cast, but a little more powerful. [potion of mutation]
  4867 | D:5      | Gained mutation: You are frail (-10% HP). [potion of mutation]
  4874 | D:5      | Killed Edmund
  4904 | D:5      | Slain by a centaur

Vault maps used:
D:1:      minmay_arrival_jagged
D:2:      first_bread
D:3:      gup_sewer_entry_glass, trog_eyes_of_draining, uniq_robin
D:4:      kennysheep_mini, lemuel_round_altar,
          minmay_temple_entry_statues_pillars
D:5:      grunt_temple_overflow_bloody_war, slow_altar_1, old_standard_altar,
          basic_altar, uniq_sigmund, uniq_edmund, uniq_eustachio
Temple:   circular_temple_pool_8
Sewer:    sewer_frog_island_01

Action                   |  1- 3 |  4- 6 |  7- 9 || total
-------------------------+-------+-------+-------++-------
Melee: War axe           |   103 |   242 |   152 ||   497
Throw: Stone             |       |       |    18 ||    18
       Tomahawk          |       |       |     5 ||     5
  Use: Scroll            |     5 |       |     6 ||    11
       Potion            |       |     5 |     4 ||     9
  Eat: Chunk             |     1 |     6 |       ||     7
       Meat ration       |       |     1 |       ||     1
       Pizza             |       |       |     1 ||     1
